 Dungeon Crawl Stone Soup version 0.28.0-53-g5a82cb258f (webtiles) character file.

Game seed: 2594786967556867309

7011 mortz the Destroyer (level 10, -7/73 HPs)
             Began as a Demigod Conjurer on June 5, 2022.
             Mangled by a skeletal warrior
             ... wielding a +0 battleaxe
             ... led by a skeletal warrior
              (17 damage)
             ... on level 9 of the Dungeon.
             The game lasted 01:15:49 (12922 turns).

mortz the Destroyer (Demigod Conjurer)             Turns: 12922, Time: 01:15:49

Health: -7/73      AC: 14    Str: 12    XL:     10   Next: 53%
Magic:  7/24       EV: 10    Int: 28    God:
Gold:   473        SH:  0    Dex: 12    Spells: 16/23 levels left

rFire   . . .      SeeInvis .   K - +4 falchion (vorpal) {long}
rCold   + . .      Faith    .   (no shield)
rNeg    . . .      Spirit   .   B - +4 scale mail {rC+}
rPois   .          Reflect  .   (no helmet)
rElec   .          Harm     .   (no cloak)
rCorr   .          Rampage  .   (no gloves)
Will    +....                   q - +2 pair of boots
Stlth   +.........              (no amulet)
HPRegen 0.22/turn               (no ring)
MPRegen 0.19/turn               (no ring)

@: no status effects
A: high MP 1, forlorn, divine attributes
a: no special abilities


You were on level 9 of the Dungeon.
You visited 1 branch of the dungeon, and saw 10 of its levels.

You collected 473 gold pieces.


Innate Abilities, Weirdness & Mutations

You have an increased reservoir of magic. (+10% MP)
You shall have no god before yourself.
Your divine heritage dramatically boosts your attributes as you level up.


   Skills:
 + Level 2.2 Fighting
 + Level 0.6 Long Blades
 + Level 0.5 Polearms
 + Level 5.0 Armour
 + Level 3.5 Dodging
 + Level 3.8 Stealth
 + Level 7.1 Spellcasting
 + Level 9.7 Conjurations
 + Level 6.3 Translocations
 + Level 0.7 Evocations


You had 16 spell levels left.
You knew the following spells:

 Your Spells              Type           Power      Damage    Failure   Level
a - Magic Dart            Conj           100%       1d8       1%          1
b - Searing Ray           Conj           100%       2d8       1%          2
c - Iskenderun's Mystic   Conj/Tloc      53%        2d11      10%         4

Your spell library contained the following spells:

 Spells                   Type           Power      Damage    Failure   Level
 Blink                    Tloc           90%        N/A       2%          2
 Dazzling Flash           Conj/Hex       74%        N/A       11%         3
 Fulminant Prism          Conj/Hex       18%        3d11      34%         4
 Manifold Assault         Tloc           45%        N/A       45%         5
 Storm Form               Tmut/Air       4%         N/A       100%        7

Inventory:

Hand Weapons
 f - a +0 morningstar of protection {mace}
   (You took it off an orc on level 5 of the Dungeon)
 w - a +0 war axe {axe}
   (You took it off an orc on level 7 of the Dungeon)
 y - a +0 shortbow of freezing {bow}
   (You took it off a centaur on level 6 of the Dungeon)
 D - a +2 spear of venom {polearm}
   (You took it off a gnoll sergeant on level 7 of the Dungeon)
 H - a +2 mace {mace}
   (You took it off a wight on level 8 of the Dungeon)
 K - a +4 vorpal falchion (weapon) {long}
   (You took it off a wight on level 8 of the Dungeon)
 M - a +0 battleaxe of freezing {axe}
   (You took it off a wight on level 8 of the Dungeon)
Armour
 c - the +0 leather armour "Ubiorol" {rElec}
   (You took it off a kobold on level 4 of the Dungeon)

   rElec:     It insulates you from electricity.
 q - a +2 pair of boots (worn)
   (You found it on level 3 of the Dungeon)
 A - a +3 leather armour
   (You took it off an orc priest on level 8 of the Dungeon)
 B - a +4 scale mail of cold resistance (worn)
   (You took it off an orc on level 7 of the Dungeon)
 F - +0 steam dragon scales
   (You found it on level 7 of the Dungeon)
 G - a +1 robe of positive energy
   (You took it off an orc wizard on level 8 of the Dungeon)
 L - a +1 robe of the Archmagi
   (You took it off a wight on level 8 of the Dungeon)
 O - the +1 scale mail "Donam" {+Blink rF- rC+}
   (You found it on level 9 of the Dungeon)

   rF:        It makes you vulnerable to fire.
   rC:        It protects you from cold.
   +Blink:    It lets you blink.
Magical Staves
 C - a staff of fire {!astaff}
   (You found it on level 6 of the Dungeon)
Wands
 v - a wand of digging (5)
   (You found it on level 4 of the Dungeon)
 I - a wand of flame (6)
   (You found it on level 8 of the Dungeon)
Scrolls
 d - a scroll of fear
 e - a scroll of fog
 g - 3 scrolls of magic mapping {!r}
 k - 3 scrolls of teleportation {@r4}
 m - 2 scrolls of vulnerability {!r!r}
 t - a scroll of brand weapon
 u - a scroll of amnesia
Potions
 b - 2 potions of mutation {!q}
 h - 2 potions of lignification {!q}
 i - 5 potions of curing {@q1}
 s - a potion of might
 x - a potion of heal wounds {@q2}
 E - a potion of brilliance {unknown}
 J - a potion of resistance {unknown}
 P - a potion of flight {unknown}

Dungeon Overview and Level Annotations

Branches:
Dungeon (10/15)            Temple (0/1) D:6
   Lair: D:8-11         Orc: D:9-12

#####'#### #..#
##.#
##########'#######
#...............##
#...............##
#.............(...
#................#
#@z.............##
#...............##
##'###############
#..# ##.## #..#
##.# #.# #.######


You could see a skeletal warrior.


Message History

Confirm with . or Enter, or press ? or * to list all spells.
Aiming: Searing Ray (safe; 1% risk of failure)
Press: ? - help, Shift-Dir - straight line, f - skeletal warrior
Aim: a skeletal warrior, wielding a +0 battleaxe (83% to hit)
The searing ray hits the skeletal warrior. (Press . to maintain the ray.) 😎 MP[-2]
You lost 2 mp, and now have 22/24 mp.
Casting: Searing Ray (safe; 1% risk of failure)
Confirm with . or Enter, or press ? or * to list all spells.
You miscast Iskenderun's Mystic Blast.
You are very lightly contaminated with residual magic.
You are caught in a violent explosion. 😕 HP[-4] MP[-4]
You take 4 damage, and now have 69/73 hp.
You lost 4 mp, and now have 18/24 mp.
Casting: Iskenderun's Mystic Blast (dangerous; 10% risk of failure)
Confirm with . or Enter, or press ? or * to list all spells.
You erupt in a blast of force!
The mystic blast hits the skeletal warrior.
The skeletal warrior is knocked back by the mystic blast. 😕 HP[+1] MP[-4]
You lost 4 mp, and now have 14/24 mp.
Casting: Iskenderun's Mystic Blast (dangerous; 10% risk of failure)
Confirm with . or Enter, or press ? or * to list all spells.
Aiming: Searing Ray (safe; 1% risk of failure)
Press: ? - help, Shift-Dir - straight line, f/p - skeletal warrior
Aim: a skeletal warrior, wielding a +0 battleaxe (lightly damaged, 83% to hit)
The searing ray misses the skeletal warrior. (Press . to maintain the ray.) 😕 MP[-2]
You lost 2 mp, and now have 12/24 mp.
The searing ray hits the skeletal warrior but does no damage.
The searing ray hits the skeletal warrior but does no damage. 😕 MP[-1]
You lost 1 mp, and now have 11/24 mp.
Casting: Searing Ray (safe; 1% risk of failure)
Confirm with . or Enter, or press ? or * to list all spells.
You erupt in a blast of force!
The mystic blast hits the skeletal warrior but does no damage.
The skeletal warrior hits you with a +0 battleaxe! 😕 HP[-13] MP[-4]
You take 13 damage, and now have 57/73 hp.
You lost 4 mp, and now have 7/24 mp.
Casting: Iskenderun's Mystic Blast (dangerous; 10% risk of failure)
Confirm with . or Enter, or press ? or * to list all spells.
You erupt in a blast of force!
The mystic blast hits the skeletal warrior!
The skeletal warrior is knocked back by the mystic blast. 😕 MP[-4]
You lost 4 mp, and now have 3/24 mp.
Casting: Iskenderun's Mystic Blast (dangerous; 10% risk of failure)
Confirm with . or Enter, or press ? or * to list all spells.
You don't have enough magic to cast this spell.
Casting: Iskenderun's Mystic Blast (dangerous; 10% risk of failure)
Confirm with . or Enter, or press ? or * to list all spells.
Aiming: Searing Ray (safe; 1% risk of failure)
Press: ? - help, Shift-Dir - straight line, f/p - skeletal warrior
Aim: a skeletal warrior, wielding a +0 battleaxe (moderately damaged, 83% to hit)
The searing ray hits the skeletal warrior but does no damage. (Press . to maintain the ray.) 😕 MP[-2]
You lost 2 mp, and now have 1/24 mp.
The searing ray hits the skeletal warrior but does no damage.
The skeletal warrior hits you with a +0 battleaxe!! 😮 HP[-19] MP[-1]
You take 19 damage, and now have 38/73 hp.
MASSIVE DAMAGE!! (PAUSE)
You lost 1 mp, and now have 0/24 mp.
You barely miss the skeletal warrior.
The skeletal warrior hits you with a +0 battleaxe!!
* * * LOW HITPOINT WARNING * * *
😨 HP[-18] MP[+1]
You take 18 damage, and now have 20/73 hp.
MASSIVE DAMAGE!! (PAUSE)
You barely miss the skeletal warrior.
The skeletal warrior hits you with a +0 battleaxe!
* * * LOW HITPOINT WARNING * * *
Your magical contamination has completely faded away. 😱 HP[-11]
You take 11 damage, and now have 9/73 hp.
The skeletal warrior hits you with a +0 battleaxe.
* * * LOW HITPOINT WARNING * * *
😱 HP[-6]
You take 6 damage, and now have 3/73 hp. 😱 MP[+1] 😱 HP[+1] 😱 HP[+1] 😱 MP[+1] 😱 HP[+1] 😱 MP[+1] 😱 HP[+1] 😱 MP[+1] 😱 HP[+1] 😱 MP[+1] 😱 HP[+1]
There is a stone staircase leading up here. 😱 MP[+1]
The skeletal warrior hits you with a +0 battleaxe!
You die...

Skill      XL: |  1  2  3  4  5  6  7  8  9 10 |
---------------+-------------------------------+-----
Conjurations   | 4 5 6 8 9 |  9.7
Dodging        | 2 3 |  3.5
Stealth        | 2 3 |  3.8
Spellcasting   | 2 3 5 6 7 |  7.1
Translocations | 1 2 3 4 5 6 |  6.3
Armour         | 1 2 4 5 |  5.0
Fighting       | 1 2 |  2.2
Long Blades    | |  0.6
Polearms       | |  0.5
Evocations     | |  0.7

Action                   |  1- 3 |  4- 6 |  7- 9 | 10-12 || total
-------------------------+-------+-------+-------+-------++-------
Melee: Falchion          |       |     4 |       |     6 ||    10
       Spear             |       |       |     9 |       ||     9
 Cast: Magic Dart        |    36 |    69 |    52 |    18 ||   175
       Searing Ray       |     8 |    26 |    66 |    24 ||   124
       Iskenderun's Myst |       |       |    26 |    44 ||    70
Evoke: Wand              |       |       |     5 |    16 ||    21
  Use: Scroll            |       |     2 |     9 |    13 ||    24
       Potion            |       |     2 |     1 |       ||     3
Armor: Leather armour    |       |    11 |    23 |       ||    34
       Steam dragon scal |       |       |     6 |       ||     6
       Scale mail        |       |       |     2 |    17 ||    19
       Robe              |       |       |     1 |       ||     1
Dodge: Dodged            |     4 |    23 |    57 |    13 ||    97

Levels and vault maps discovered:
D:1:      roderic_crossed_star, layout_loops_cross,
          chequers_ecumenical_altar_simple_redux
D:2:      layout_loops_cross, uniq_jessica
D:3:      layout_rooms
D:4:      layout_cave_pools, grunt_decor_junction, uniq_menkaure
D:5:      layout_loops_ring, minivault_27
D:6:      layout_loops_cross, temple_fountains
D:7:      kennysheep_steamy, layout_cave_pools, uniq_duvessa, uniq_harold
D:8:      layout_rooms
D:9:      layout_roguey
D:10:     cheibrodos_elevator_heist, layout_basic, trog_ov_bears_minmay,
          serial_shops, nicolae_lakefront_shop

Notes
Turn   | Place    | Note
-------+----------+-------------------------------------------
     0 | D:1      | mortz the Demigod Conjurer began the quest for the Orb.
     0 | D:1      | Reached XP level 1. HP: 14/14 MP: 5/5
     0 | D:1      | magus.rc [v1.9.6]
   444 | D:1      | magus.rc [v1.9.6]
   582 | D:1      | Reached XP level 2. HP: 20/20 MP: 4/7
   585 | D:1      | Learned a level 2 spell: Searing Ray
   829 | D:2      | Reached skill level 4 in Conjurations
  1056 | D:2      | Noticed Jessica
  1062 | D:2      | Killed Jessica
  1063 | D:2      | Reached skill level 2 in Dodging
  1063 | D:2      | Reached skill level 2 in Stealth
  1063 | D:2      | Reached skill level 2 in Spellcasting
  1063 | D:2      | Reached XP level 3. HP: 26/26 MP: 3/8
  1289 | D:2      | Reached skill level 5 in Conjurations
  1289 | D:2      | Reached XP level 4. HP: 33/33 MP: 4/9
  1521 | D:2      | Learned a level 4 spell: Iskenderun's Mystic Blast
  2234 | D:4      | You pick up a book of Conjurations {@e2} and begin
                  | reading...
  2468 | D:4      | Reached skill level 1 in Translocations
  2468 | D:4      | Reached XP level 5. HP: 38/38 MP: 5/11
  2968 | D:4      | Identified the +0 leather armour "Ubiorol" {rElec}
  3032 | D:4      | Reached XP level 6. HP: 29/45 MP: 1/13
  3203 | D:4      | Noticed Menkaure
  3234 | D:4      | Killed Menkaure
  3235 | D:4      | Reached skill level 6 in Conjurations
  3488 | D:5      | Entered Level 5 of the Dungeon
  3491 | D:5      | Reached skill level 3 in Spellcasting
  3495 | D:5      | Reached skill level 1 in Armour
  4015 | D:5      | Reached skill level 2 in Translocations
  4015 | D:5      | Reached XP level 7. HP: 50/50 MP: 6/14
  4874 | D:6      | Reached skill level 2 in Armour
  5289 | D:6      | Found a staircase to the Ecumenical Temple.
  5461 | D:6      | Reached skill level 3 in Translocations
  5461 | D:6      | Reached XP level 8. HP: 58/58 MP: 10/17
  5676 | D:6      | Reached skill level 4 in Spellcasting
  5737 | D:6      | Reached skill level 3 in Armour
  5737 | D:6      | Reached skill level 7 in Conjurations
  6273 | D:7      | HP: 11/58 [gnoll sergeant/+2 spear of venom (11)]
  6278 | D:7      | HP: 13/58 [gnoll sergeant/+2 spear of venom (4)]
  6552 | D:7      | Noticed Duvessa
  6701 | D:7      | Reached skill level 1 in Fighting
  6836 | D:7      | Noticed Dowan
  7032 | D:7      | Reached skill level 3 in Stealth
  7208 | D:7      | Noticed Harold
  7243 | D:7      | Reached skill level 3 in Dodging
  7747 | D:7      | Killed Duvessa
  7748 | D:7      | Reached skill level 4 in Translocations
  7759 | D:6      | Killed Dowan
  8279 | D:7      | Killed Harold
  8280 | D:7      | Reached skill level 4 in Armour
  8280 | D:7      | Reached skill level 5 in Spellcasting
  8280 | D:7      | Reached skill level 8 in Conjurations
  8280 | D:7      | Reached XP level 9. HP: 38/64 MP: 1/20
  8834 | D:8      | Reached skill level 5 in Translocations
  8891 | D:8      | You add the spells Blink, Manifold Assault and Storm Form
                  | to your library.
  8997 | D:8      | Identified a +1 robe of the Archmagi
  9136 | D:8      | Noticed a four-headed hydra
  9637 | D:8      | Killed a four-headed hydra
  9638 | D:8      | Reached skill level 6 in Spellcasting
  9638 | D:8      | Reached skill level 9 in Conjurations
  9757 | D:9      | Reached XP level 10. HP: 73/73 MP: 5/23
  9890 | D:9      | Identified the +1 scale mail "Donam" {+Blink rF- rC+}
 10036 | D:9      | Noticed a manticore
 10039 | D:9      | Killed a manticore
 10161 | D:9      | Reached skill level 6 in Translocations
 10713 | D:10     | Entered Level 10 of the Dungeon
 10824 | D:10     | Noticed a skeletal warrior
 10827 | D:10     | Noticed a skeletal warrior
 10833 | D:10     | Noticed a skeletal warrior
 10945 | D:10     | Noticed a cyan ugly thing
 10947 | D:10     | Noticed a red ugly thing
 10949 | D:10     | Noticed a tengu warrior
 10949 | D:10     | Noticed a four-headed hydra
 11083 | D:9      | Reached skill level 2 in Fighting
 11827 | D:10     | Noticed a deep elf pyromancer
 11834 | D:10     | Killed a deep elf pyromancer
 11835 | D:10     | Reached skill level 5 in Armour
 11835 | D:10     | Reached skill level 7 in Spellcasting
 12891 | D:9      | HP: 9/73 [skeletal warrior/+0 battleaxe[a skeletal warrior]
                  | (12)]
 12893 | D:9      | HP: 3/73 [skeletal warrior/+0 battleaxe[a skeletal warrior]
                  | (6)]
 12922 | D:9      | Mangled by a skeletal warrior

Vanquished Creatures
  Harold (D:7)
  A hydra (D:8)
  A deep elf pyromancer (D:10)
  A manticore (D:9)
  A hornet (D:9)
  6 yaks
  2 steam dragons (D:7)
  3 vampire mosquitoes (D:8)
  Menkaure (D:4)
  A water moccasin (D:7)
  Duvessa (D:7)
  An ice beast (D:6)
  A sky beast (D:6)
  2 orc warriors (D:7)
  A hornet zombie (D:6)
  An ogre (D:5)
  2 centaurs
  2 gnoll sergeants
  3 wyvern zombies
  2 scorpions (D:4)
  Dowan (D:6)
  5 wights (D:8)
  9 killer bees (D:9)
  6 howler monkeys
  A centaur zombie (D:8)
  2 bullfrog skeletons (D:6)
  6 orc priests
  5 hounds
  2 jellies
  2 iguanas
  Jessica (D:2)
  2 centaur skeletons
  5 orc wizards
  5 adders
  9 gnolls
  3 shadow imps
  A white imp (D:8)
  3 ufetubi
  2 worms
  4 dart slugs
  21 orcs
  4 ball pythons
  3 bats
  7 endoplasms
  3 goblins
  6 hobgoblins
  8 kobolds
  A quokka (D:4)
  3 frilled lizards (D:2)
  A quokka skeleton (D:4)
  4 rats
169 creatures vanquished.

Vanquished Creatures (others)
  11 fungi (D:7)
11 creatures vanquished.

Grand Total: 180 creatures vanquished

Table legend:
 A = Non-vault XP
 B = Vault XP
 C = Vault XP percentage of total XP
 D = Non-vault monster count
 E = Vault monster count
 F = Vault count percentage of total count
                 A         B        C        D         E       F
            +---------+---------+-------+---------+---------+-------
      Total |    7757 |    2259 |  22.6 |     161 |       8 |   4.7
            +---------+---------+-------+---------+---------+-------
        D:1 |      15 |       0 |   0.0 |       7 |       0 |   0.0
        D:2 |     105 |      37 |  26.1 |      23 |       1 |   4.2
        D:3 |      61 |       0 |   0.0 |      10 |       0 |   0.0
        D:4 |     256 |     165 |  39.2 |      17 |       1 |   5.6
        D:5 |     396 |       0 |   0.0 |      16 |       0 |   0.0
        D:6 |     838 |      55 |   6.2 |      13 |       1 |   7.1
        D:7 |     879 |    1407 |  61.5 |      19 |       4 |  17.4
        D:8 |    2038 |       0 |   0.0 |      21 |       0 |   0.0
        D:9 |    2308 |       0 |   0.0 |      29 |       0 |   0.0
       D:10 |     861 |     595 |  40.9 |       6 |       1 |  14.3
            +---------+---------+-------+---------+---------+-------

Illustrated notes

Table legend:
 A = Kills in this place as a percentage of kills in entire the game.
 B = Kills by you in this place as a percentage of kills by you in the entire game.
 C = Kills by friends in this place as a percentage of kills by friends in the entire game.
 D = Other kills in this place as a percentage of other kills in the entire game.
 E = Experience gained in this place as a percentage of experience gained in the entire game.
 F = Experience gained in this place divided by the number of levels of this place that you have seen.
                   A       B       C       D       E      F
               +-------+-------+-------+-------+-------+----------------------
         Total | 100.0 | 100.0 |   N/A |   N/A | 100.0 | 1001.6
       Dungeon | 100.0 | 100.0 |   N/A |   N/A | 100.0 | 1001.6
               +-------+-------+-------+-------+-------+----------------------

Table legend: (Time is in decaauts)
 A = Elapsed time spent in this place.
 B = Non-inter-level travel time spent in this place.
 C = Inter-level travel time spent in this place.
 D = Time resting spent in this place.
 E = Time spent auto-exploring this place.
 F = Levels seen in this place.
 G = Mean time per level.
                   A        B        C        D        E       F      G
               +--------+--------+--------+--------+--------+-----+--------+
         Total |  12949 |  12316 |    633 |   3362 |   6515 |  10 | 1294.9 |
       Dungeon |  12949 |  12316 |    633 |   3362 |   6515 |  10 | 1294.9 |
               +--------+--------+--------+--------+--------+-----+--------+

Top non-repeatable levels by time:
     D:9: 2440 daAuts
     D:6: 2350 daAuts
     D:7: 1662 daAuts
     D:4: 1289 daAuts
     D:8: 1210 daAuts
     D:5: 1039 daAuts
     D:2: 926 daAuts
     D:1: 819 daAuts
    D:10: 618 daAuts
     D:3: 592 daAuts
